 Dungeon Crawl Stone Soup version 0.26-a0-668-gd58323b419 (webtiles) character file.

Game seed: 14315267003779192314

366 somkeydreadnuts the Digger (level 6, -18/33 HPs)
             Began as a Gargoyle Earth Elementalist on Oct 18, 2020.
             Engulfed by a cloud of flame (22 damage)
             ... on level 3 of the Dungeon.
             The game lasted 00:13:12 (3398 turns).

somkeydreadnuts the Digger (GrEE)                   Turns: 3398, Time: 00:13:13

Health: -18/33     AC:  5    Str: 11    XL:     6   Next: 68%
Magic:  9/12       EV: 12    Int: 18    God:
Gold:   131        SH:  0    Dex: 10    Spells: 12/13 levels left

rFire    . . .     SeeInvis .   f - +0 dagger
rCold    . . .     Faith    .   (no shield)
rNeg     + . .     Spirit   .   (no armour)
rPois    ∞         Reflect  .   (no helmet)
rElec    +         Harm     .   t - +0 cloak
rCorr    .         Rampage  .   (no gloves)
MR       .....                  (no boots)
Stlth    ++........             (no amulet)
HPRegen  0.11/turn              (no ring)
MPRegen  0.13/turn              (no ring)

@: no status effects
A: negative energy resistance 1, electricity resistance, unbreathing,
petrification resistance, rot immunity, AC +4
a: no special abilities


You were on level 3 of the Dungeon.
You visited 1 branch of the dungeon, and saw 3 of its levels.

You collected 131 gold pieces.

Inventory:

Hand Weapons
 f - a +0 dagger (weapon)
Missiles
 b - 43 stones (quivered)
Armour
 t - a +0 cloak (worn)
Scrolls
 a - 3 scrolls of remove curse {unknown}
 d - a scroll of random uselessness {unknown}
 h - a scroll of blinking {unknown}
 i - 4 scrolls of identify {unknown}
 o - a scroll of teleportation {unknown}
 p - a scroll of noise {unknown}
 q - a scroll of enchant weapon {unknown}
 s - a scroll of fear {unknown}
Potions
 e - a potion of cancellation {unknown}
 g - 2 potions of berserk rage {unknown}
 j - 2 potions of stabbing {unknown}
 k - 2 potions of heal wounds {unknown}
 l - a potion of ambrosia {unknown}
 m - 4 potions of curing {unknown}
 r - a potion of flight {unknown}


   Skills:
 + Level 0.3 Fighting
 + Level 0.1 Short Blades
 * Level 2.9 Dodging
 - Level 2.2 Stealth
 + Level 4.2 Spellcasting
   Level 0.7 Transmutations
 + Level 6.0 Earth Magic


You had 12 spell levels left.
You knew the following spells:

 Your Spells              Type           Power        Failure   Level
a - Sandblast             Erth           ####..       1%          1

Your spell library contained the following spells:

 Spells                   Type           Power        Failure   Level
 Passwall                 Tmut/Erth      ###.....     5%          2
 Stone Arrow              Conj/Erth      ##....       12%         3
 Lee's Rapid Deconstruct  Erth           ####......   32%         5
 Petrify                  Tmut/Erth      ###.....     34%         4


Dungeon Overview and Level Annotations

Branches:
Dungeon (3/15)

Altars:
Dithmenos
Xom


Innate Abilities, Weirdness & Mutations

You are resistant to torment.
Your stone body is resilient. (AC +4)
You are immune to poison.
You resist negative energy. (rN+)
You are resistant to electric shocks. (rElec)
You can survive without breathing.
You are immune to petrification.
You are immune to rotting.


Message History

The dream sheep bleats!
b - 44 stones The dream sheep bleats! x3
The dream sheep burns! x5
Casting: Sandblast (safe; 1% risk of failure)
Confirm with . or Enter, or press ? or * to list all spells.
Aiming: Sandblast (safe; 1% risk of failure)
Press: ? - help, Shift-Dir - straight line, f/p - dream sheep
Aim: a dream sheep (flame, severely wounded, inner flame, fleeing, covered in liquid flames)
The blast of sand hits the dream sheep!
The dream sheep explodes!
The fiery explosion engulfs you!!
Ouch! That really hurt!
* * * LOW HITPOINT WARNING * * *
Your Spellcasting skill increases to level 4!
Your Earth Magic skill increases to level 6!
b - 43 stones You are engulfed in blazing flames.
Ouch! That really hurt!
You die...

#.#....##.##......#
#####.#.............#.###
#.....#..).##.##.#.......
#.###.##...# ##....#.###
#..........### #......#
#............# #....#.#
#.........##.# #......#
#.....§§§.##.# ###.####
#..Y._§○@.##.# #.#
#...Y.§§§.##.# ##)##
#...Y........# ##...##
#.....Y...######.))..##
#.........# ##.......##
#.####....####.........##
#.# #.......'......(..'.
#.####....####.........##
#.....#..## ##.......##


You could see 4 dream sheep.

Vanquished Creatures
  A dream sheep (D:3)
  An orc priest (D:3)
  A hound (D:3)
  2 orc wizards (D:3)
  5 adders
  An ooze (D:1)
  A worm (D:2)
  5 leopard geckos
  4 orcs (D:3)
  A ball python (D:3)
  5 giant cockroaches
  5 goblins
  A hobgoblin (D:1)
  7 jackals (D:3)
  14 kobolds
  4 bats
  3 frilled lizards
  5 rats
66 creatures vanquished.

Notes
Turn   | Place    | Note
-------+----------+-------------------------------------------
     0 | D:1      | somkeydreadnuts the Gargoyle Earth Elementalist began the
                  | quest for the Orb.
     0 | D:1      | Reached XP level 1. HP: 10/10 MP: 3/3
   267 | D:1      | Reached skill level 4 in Earth Magic
   269 | D:1      | Reached XP level 2. HP: 15/15 MP: 1/5
  1083 | D:1      | Reached XP level 3. HP: 19/19 MP: 3/6
  2211 | D:3      | Reached XP level 4. HP: 19/24 MP: 3/8
  2215 | D:3      | Reached skill level 5 in Earth Magic
  2493 | D:3      | Reached XP level 5. HP: 28/28 MP: 6/9
  2829 | D:3      | Found a shadowy altar of Dithmenos.
  3255 | D:3      | Reached XP level 6. HP: 32/32 MP: 8/11
  3395 | D:3      | Noticed a dream sheep
  3395 | D:3      | Noticed a dream sheep
  3395 | D:3      | Noticed a dream sheep
  3395 | D:3      | Noticed a dream sheep
  3395 | D:3      | Noticed a dream sheep
  3395 | D:3      | Found a shimmering altar of Xom.
  3398 | D:3      | Killed a dream sheep
  3398 | D:3      | Reached skill level 6 in Earth Magic
  3398 | D:3      | Engulfed by a cloud of flame

Illustrated notes

Levels and vault maps discovered:
D:1:      heliophobic_arrival_enchanted_forest, layout_loops_corners,
          serial_forest, infiniplex_forest_end_3, infiniplex_forest_zigzag_2,
          infiniplex_forest_lined_corner, infiniplex_forest_corner_1,
          infiniplex_forest_clump_small
D:2:      layout_loops_ring
D:3:      layout_loops_corners, nicolae_overflow_crystal_walls,
          kb_xom_exploding_sheep

Skill      XL: |  1  2  3  4  5  6 |
---------------+-------------------+-----
Earth Magic    | 4 5 6 |  6.0
Dodging        | 2 |  2.9
Spellcasting   | 3 4 |  4.2
Fighting       | |  0.3
Short Blades   | |  0.1
Stealth        | |  2.2
Transmutations | |  0.7

Action                   |  1- 3 |  4- 6 || total
-------------------------+-------+-------++-------
Melee: Dagger            |     6 |    22 ||    28
 Cast: Sandblast         |    56 |    50 ||   106
Armor: Robe              |     4 |       ||     4
       Skin              |     2 |     6 ||     8
Dodge: Dodged            |    23 |    23 ||    46

Table legend: (Time is in decaauts)
 A = Elapsed time spent in this place.
 B = Non-inter-level travel time spent in this place.
 C = Inter-level travel time spent in this place.
 D = Time resting spent in this place.
 E = Time spent auto-exploring this place.
 F = Levels seen in this place.
 G = Mean time per level.
                   A        B        C        D        E       F      G
               +--------+--------+--------+--------+--------+-----+--------+
         Total |   3396 |   3384 |     12 |      0 |   2598 |   3 | 1132.0 |
       Dungeon |   3396 |   3384 |     12 |      0 |   2598 |   3 | 1132.0 |
               +--------+--------+--------+--------+--------+-----+--------+

Top non-repeatable levels by time:
     D:1: 1211 daAuts
     D:3: 1210 daAuts
     D:2: 974 daAuts
